[Event "Late-Titled-Tuesday-Blitz-February-20-2024"]
[Site "Chess.com"]
[Date "2024.02.20"]
[Round "3"]
[White "Kosak12"]
[Black "Jospem"]
[Result "0-1"]
[WhiteElo "2811"]
[BlackElo "3103"]
[TimeControl "180+1"]
[EndTime "14:28:32 PST"]
[Termination "Jospem won on time"]

1. e4 c5 2. Nf3 d6 3. d3 Nc6 4. g3 Nf6 5. Bg2 g6 6. O-O Bg4 7. Nbd2 Bg7 8. h3 Bd7 9. c3 O-O 10. Re1 e5 11. Nc4 b5 12. Nxd6 Qb8 13. d4 cxd4 14.
cxd4 Nxd4 15. Nxd4 Qxd6 16. Nb3 Qe7 17. Be3 Rfc8 18.
Rc1 Rxc1 19. Qxc1 Be6 20. Nc5 Rc8 21. b4 Bxa2 22. Qa3 Bc4 23. Rd1 h6 24. Bf1 Rc6 25.
Bxc4 bxc4 26. Rc1 Ne8 27. Rxc4 Nd6 28. Rc1 Bf8 29. Qd3 Rc8 30. Ra1 Rb8 31. Ra4 Rb5 32. Kg2 Qc7 33. Qd5 Nc8 34. Ra6 Rb6 35. Rxb6 Nxb6 36. Qd3 Qc6 37. h4 h5 38. b5 Qc8 39.
Na6 Qb7 40. f3 Nc8 41. Qd5 Qe7 42. Bc5 Qe8 43. Bxf8 Kxf8 44. Nc5 Nb6 45. Qc6 Qxc6 46.
bxc6 Ke7 47. c7 Kd6 48. Nd3 f6 49. g4 Kxc7 50. f4 Nd7 51. f5 gxf5 52. gxh5 fxe4 53. Nc5 Nf8 54. Nxe4 f5 55. Ng3 f4 56. Ne4 a5 57. Kf3 a4 58. Nc3 a3 59. Nb5+ Kc6 60. Nxa3 Kd5 61. Nc2 Nh7 62. Nb4+ Ke6 63. Ke4 Nf6+ 64.
Kd3 Nxh5 65. Nc6 Nf6 66. Nd8+ Kf5 67. Nf7 e4+ 68. Kd4 f3 69. Ke3 Ng4+ 70. Kd2 e3+ 71. Ke1 Nh2 0-1

[Event "Late-Titled-Tuesday-Blitz-February-20-2024"]
[Site "Chess.com"]
[Date "2024.02.20"]
[Round "3"]
[White "NikolaGry"]
[Black "GMBenjaminBok"]
[Result "1/2-1/2"]
[WhiteElo "2727"]
[BlackElo "3006"]
[TimeControl "180+1"]
[EndTime "14:28:35 PST"]
[Termination "Game drawn - insufficient material"]

1. d4 Nf6 2. Bg5 d5 3. Nd2 Bf5 4. Bxf6 exf6 5. e3 Bd6 6. c4 dxc4 7. Bxc4 O-O 8. Ngf3 Qe7 9. O-O c6 10. Re1 Bg4 11. h3 Bh5 12. a3 Nd7 13. Qc2 Bg6 14. Bd3 Rfe8 15. Rac1 Bxd3 16. Qxd3 g6 17. Nc4 Bc7 18. e4 Rad8 19. Qb3 Nb6 20. Na5 Bf4 21. Rcd1 Kg7 22. g3 Bb8 23. Kg2 Qd7 24. Qc2 Re7 25.
Rd2 Rde8 26. Rde2 h5 27. b4 f5 28. exf5 Rxe2 29. Rxe2 Rxe2 30. Qxe2 Qxf5 31. Nxb7 Nd5 32.
Nc5 Bd6 33. Qe4 Qf6 34. h4 Be7 35. Ne5 Qd6 36. Qf3 Bf6 37. Ne4 Qe6 38. Nxf6 Nxf6 39. Qxc6 Qa2 40. Qf3 a6 41. Nc6 Ng4 42. Ne5 Nf6 43.
g4 hxg4 44. Nxg4 Nxg4 45. Qxg4 Qxa3 46. d5 Qd3 47. Qf3 Qd4 48. Kg3 Qxb4 49. Qd3 Qd6+ 50. f4 Kg8 51. Qd4 a5 52. Kf3 a4 53. Qxa4 Qxd5+ 54. Kg3 Qd3+ 55. Kg2 Qe2+ 56. Kg3 Qe1+ 57. Kh3 Qf1+ 58.
Kg3 Qg1+ 59. Kf3 Kg7 60. Qc4 Qh2 61. Qd4+ Kg8 62. Qf2 Qh3+ 63. Qg3 Qf1+ 64. Qf2 Qd3+ 65. Qe3 Qd1+ 66. Kg3 Kh7 67. Qf2 Qd3+ 68. Qf3 Qd2 69. f5 Qd6+ 70. Kh3 Kg7 71. fxg6 Kxg6 72. Qg3+ Qxg3+ 73.
Kxg3 Kh5 74. Kf4 Kxh4 75. Kf5 Kg3 76. Kf6 Kf4 77. Kxf7 1/2-1/2

[Event "Late-Titled-Tuesday-Blitz-February-20-2024"]
[Site "Chess.com"]
[Date "2024.02.20"]
[Round "3"]
[White "stollenmonster"]
[Black "pooh2012"]
[Result "1-0"]
[WhiteElo "2865"]
[BlackElo "2559"]
[TimeControl "180+1"]
[EndTime "14:28:45 PST"]
[Termination "stollenmonster won on time"]

1. e4 c6 2. d4 d5 3. e5 Bf5 4.
Ne2 c5 5. Ng3 Bd7 6. c4 cxd4 7.
Qxd4 dxc4 8. Bxc4 Nc6 9. Qe3 Qa5+ 10. Nc3 Qxe5 11. O-O Qxe3 12. Bxe3 Nf6 13. Nb5 Rc8 14.
Rac1 a6 15. Nd4 Nxd4 16. Bxd4 e6 17. Rfe1 Be7 18. Red1 Bc6 19. a3 O-O 20. Bf1 Bd5 21. Bb6 Nd7 22. Bd4 Bf6 23. Ne2 Bb3 24. Re1 Bc4 25.
Bxf6 Nxf6 26. Red1 Nd5 27. g3 b5 28. Nd4 Rfd8 29. b3 Bxf1 30. Kxf1 Kf8 31. Nc6 Rd7 32. Ne5 Rdc7 33. Rxc7 Rxc7 34. a4 f6 35. Nd3 Rc3 36.
axb5 axb5 37. b4 Rc4 38. Nc5 Kf7 39. Ra1 Nxb4 40. Ra7+ Kg6 41. Nxe6 Nc6 42. Rxg7+ Kf5 43. Nf4 b4 44. Ke2 b3 45. Nd3 Rc2+ 46. Ke3 b2 47. Rb7 Ne5 48. Rxb2 Nc4+ 49. Kf3 Nxb2 50. g4+ Ke6 51.
Nf4+ Kf7 52. h4 Rc3+ 53. Ke4 Rc2 54. f3 Rc4+ 55. Kf5 Rc5+ 56. Ke4 Re5+ 57. Kd4 Nd1 58. Nd3 Re2 59. f4 Rg2 60. g5 Nf2 61. Nc5 fxg5 62. hxg5 Nh3 63. Ke5 Re2+ 64. Kf5 Rf2 65. Nd3 Rf1 66. Ne5+ Kg7 67. Nd3 Nf2 68. Ne5 Ra1 69.
Nc6 Rc1 70. Ne5 Rc5 71. Ke6 Ra5 72. f5 Ne4 73. f6+ Kg8 74. Nd7 1-0

[Event "Late-Titled-Tuesday-Blitz-February-20-2024"]
[Site "Chess.com"]
[Date "2024.02.20"]
[Round "3"]
[White "thechesscorner64"]
[Black "NCchamp"]
[Result "1/2-1/2"]
[WhiteElo "2532"]
[BlackElo "2329"]
[TimeControl "180+1"]
[EndTime "14:28:49 PST"]
[Termination "Game drawn - insufficient material"]

1. e4 c6 2. Nf3 d5 3. d3 dxe4 4. Ng5 Nf6 5. Nc3 e5 6. Ngxe4 Nxe4 7. Nxe4 Be7 8. Be2 O-O 9. O-O Be6 10. c3 Nd7 11. Ng3 f5 12. d4 e4 13. f3 exf3 14. Bxf3 Nf6 15. Kh1 Bd6 16. Re1 Qd7 17. Nf1 Ng4 18.
Qc2 Rae8 19. Bg5 Qc7 20. h3 Nf6 21. c4 h6 22. Be3 Ne4 23. Bg1 Bg3 24. Re2 Bf7 25.
b3 Bf4 26. Rae1 Nd6 27. Rxe8 Bxe8 28. g3 Bg5 29. Bg2 Bg6 30. h4 Bf6 31. Nh2 Kh8 32. d5 Ne4 33. Bxe4 fxe4 34. Qe2 Qxg3 35. h5 Bf5 36. Rf1 Be5 37. Qg2 Kg8 38. dxc6 bxc6 39. Bc5 Rf7 40. Rg1 Qxh2+ 41. Qxh2 Bxh2 42. Kxh2 Kh8 43. Bd4 Kh7 44. Kg3 g6 45. hxg6+ Bxg6 46. Kh2 Rf3 47. Re1 Rd3 48. Bf6 Rd2+ 49. Kg3 Rxa2 50.
Be7 Rb2 51. Re3 Rd2 52. Kf4 Rd3 53. b4 Rxe3 54. Kxe3 Bf7 55. b5 Bxc4 56. bxc6 Be6 57. Kxe4 Kg6 58. Ke5 Bg4 59. c7 a5 60. Kd4 Bd7 61. Kc5 a4 62. Kd6 Bc8 63. Kc6 Kf5 64. Kb6 Kg4 65. Ka7 h5 66. Kb8 Bf5 67. Kb7 h4 68. Kb6 h3 69. Bd6 Kf3 70. Ka5 Bd7 71.
Kb4 Kg2 72. c8=Q Bxc8 73. Kxa4 Bg4 74. Kb4 h2 75. Bxh2 1/2-1/2

[Event "Late-Titled-Tuesday-Blitz-February-20-2024"]
[Site "Chess.com"]
[Date "2024.02.20"]
[Round "3"]
[White "a-z30"]
[Black "jaskol95"]
[Result "0-1"]
[WhiteElo "2404"]
[BlackElo "2606"]
[TimeControl "180+1"]
[EndTime "14:28:56 PST"]
[Termination "jaskol95 won by resignation"]

1. d3 d5 2. Nf3 Nf6 3. g3 c6 4.
Bg2 Bg4 5. O-O e6 6. h3 Bh5 7. c4 Nbd7 8. cxd5 exd5 9. Nc3 Be7 10. e4 O-O 11. g4 Bg6 12. e5 Ne8 13. Bf4 Nc7 14. d4 f6 15. Qd2 Ne6 16. Bg3 fxe5 17.
Nxe5 Nxe5 18. dxe5 Qb6 19. Kh2 Qd4 20. Qxd4 Nxd4 21. f4 Nc2 22. f5 Nxa1 23. Rxa1 Bxf5 24. gxf5 Rxf5 25. Re1 Re8 26. h4 Bb4 27. Bh3 Rf3 28. a3 Ba5 29. Bd7 Re7 30. e6 d4 31. b4 dxc3 32. bxa5 Rd3 33. h5 c2 34. Rc1 Rxa3 35. Rxc2 Rxa5 36. Kg2 Rd5 37. Bh4 Rexd7 38. exd7 Rxd7 39.
Rb2 a5 40. Re2 b5 41. Bf2 Kf7 42. Bc5 g6 43. Rf2+ Kg7 44. hxg6 Kxg6 45. Rc2 Rd5 46.
Bb6 Rd6 47. Bc7 Re6 48. Bxa5 Kf5 49. Bb6 Ke4 50. Bc5 Kd5 51. Bb4 Rf6 52. Rc5+ Kd4 53. Rh5 Kc4 54. Bc5 Rg6+ 55. Kf3 Re6 56. Be3 Kb3 57.
Rxh7 b4 58. Rb7 Kc3 59. Ke2 b3 60. Kf3 Kc4 61. Bf4 c5 62. Bc1 Kc3 63. Ba3 c4 64.
Rb5 Kd3 65. Bb4 Rf6+ 66. Kg4 Kc2 67. Rc5 Kd3 68. Rc7 Rf1 69. Ba3 Ra1 70. Bb2 Ra2 71. Bh8 Rf2 72. Rb7 Kc2 73. Rc7 Kd3 74. Rd7+ Ke4 75.
Rc7 Kd5 76. Rd7+ Kc6 77. Rd1 Kb5 78. Rb1 Rf8 79. Kg3 Rxh8 80. Kg4 Re8 81. Kf4 Kb4 82. Kf3 c3 83. Kf2 c2 84. Re1 Rxe1 85. Kxe1 c1=Q+ 86. Ke2 Qc2+ 0-1

[Event "Late-Titled-Tuesday-Blitz-February-20-2024"]
[Site "Chess.com"]
[Date "2024.02.20"]
[Round "3"]
[White "Abund"]
[Black "TokChess"]
[Result "1-0"]
[WhiteElo "2795"]
[BlackElo "2560"]
[TimeControl "180+1"]
[EndTime "14:28:58 PST"]
[Termination "Abund won by resignation"]

1. e4 d6 2. d4 Nf6 3. f3 Nbd7 4.
Be3 e5 5. d5 Be7 6. c4 O-O 7. g4 Ne8 8. Ne2 Bg5 9. Qd2 h6 10. Nbc3 Bxe3 11. Qxe3 Qg5 12. Qxg5 hxg5 13. Ng3 g6 14. h4 gxh4 15. Rxh4 Kg7 16. g5 a6 17. Bh3 f6 18. gxf6+ Nexf6 19. Ke2 Nb6 20.
Bxc8 Raxc8 21. b3 Rh8 22. Rah1 Rxh4 23. Rxh4 Rf8 24. Rh2 Nh7 25. Rg2 Ng5 26. Nf5+ Kf6 27. Nh4 Rh8 28. Rg4 Rh6 29. Nd1 Nh3 30. Ng2 Nd7 31.
Nde3 Kf7 32. b4 Nf6 33. Rh4 Nf4+ 34. Kd2 Rh5 35. c5 Nxg2 36. Nxg2 Rg5 37. Ne3 Rg3 38. Ke2 Nh5 39. Kf2 Rg5 40. Rh1 Ke7 41. a4 Kd7 42. Ng4 c6 43. Rd1 dxc5 44. bxc5 Kc7 45. d6+ Kd7 46.
Rb1 Kc8 47. Rh1 Kd7 48. Ke3 a5 49. Rb1 Kc8 50. Rh1 Kd7 51. Rh2 Kc8 52. Rd2 Kd7 53. Rd1 Kc8 54. Kf2 Kd7 55. Kg2 Nf4+ 56. Kg3 Kd8 57. Rh1 Rh5 58. Rxh5 gxh5 59. Nxe5 Ne6 60. Nd3 Kd7 61. e5 b6 62. cxb6 c5 63. f4 Kc6 64. f5 Nd8 65. f6 c4 66. Nf4 c3 67.
Ne2 Ne6 68. Nxc3 Kxb6 69. Ne4 Kc6 70. f7 Kd5 71. Ng5 Nf8 72. Kf4 h4 73. Kf5 h3 74.
Nxh3 1-0

[Event "Late-Titled-Tuesday-Blitz-February-20-2024"]
[Site "Chess.com"]
[Date "2024.02.20"]
[Round "3"]
[White "ATM622"]
[Black "lucliasco"]
[Result "1/2-1/2"]
[WhiteElo "2483"]
[BlackElo "2875"]
[TimeControl "180+1"]
[EndTime "14:29:06 PST"]
[Termination "Game drawn - insufficient material"]

1. d4 d5 2. c4 Nc6 3. Nf3 Bg4 4.
e3 e5 5. dxe5 Bb4+ 6. Bd2 Bxf3 7. Qxf3 d4 8. exd4 Qxd4 9. Nc3 Qxe5+ 10. Qe2 O-O-O 11. Qxe5 Nxe5 12. O-O-O Ng4 13. Be1 Rxd1+ 14. Kxd1 Bxc3 15. bxc3 N8f6 16. h3 Ne5 17. Kc2 Re8 18. Be2 b6 19. Bd2 Ne4 20. Be3 Nd7 21. Rd1 g6 22. h4 f5 23. h5 Nxf2 24. Bxf2 Rxe2+ 25. Rd2 Rxd2+ 26. Kxd2 Nf6 27. hxg6 hxg6 28. Bd4 Ne4+ 29. Ke3 c5 30. Be5 Kd7 31. Kd3 a6 32. a4 Nd6 33. Bf4 Nf7 34. Bb8 g5 35. g3 Ke6 36. Bc7 Ne5+ 37. Ke2 Nxc4 38. Bd8 f4 39. gxf4 gxf4 40. Bc7 Kf5 41. Kf3 b5 42. axb5 axb5 43. Bxf4 Ke6 44. Bh6 Kd5 45. Ke2 Nd6 46. Bf8 Ne4 47.
Kd3 Ng5 48. Be7 Ne6 49. Bf8 Nd8 50. Be7 Nc6 51. Bf8 Ne5+ 52. Kc2 Kc4 53. Bg7 Nd7 54. Bh8 Nb6 55. Bg7 Nd5 56. Bh8 Ne3+ 57. Kd2 Nf5 58. Kc2 Nh4 59. Bf6 Ng2 60. Bg7 Kd5 61. Kd3 Nf4+ 62.
Kc2 Ng6 63. Bf6 Kc4 64. Bg7 Ne7 65. Bf6 Nd5 66. Bh8 Nc7 67. Bf6 Kd5 68. Bg7 Na6 69. Bh8 c4 70. Bg7 Ke4 71. Bh8 Nc7 72. Bf6 Ke3 73.
Be5 Ke2 74. Bxc7 Ke3 75. Bb6+ Ke4 76. Bc5 Kd5 77. Bb4 Ke4 78. Kd2 Kf4 79. Ke2 Ke4 80.
Bc5 Kd5 81. Bb4 Ke4 82. Ba5 Kf4 83. Bb6 Ke4 84. Bc5 Kd5 85. Bf8 Ke4 86. Be7 Kf4 87.
Bd6+ Ke4 88. Kd2 Kd5 89. Bf8 Ke4 90. Ke2 Kf4 91. Bc5 Ke4 92. Be3 Kf5 93. Kf3 Ke5 94.
Bd4+ Kd5 95. Ke3 Kd6 96. Ke4 Kc6 97. Ke5 Kb7 98. Kd5 Ka6 99. Kc5 Ka5 100. Be5 Ka4 101.
Kb6 b4 102. cxb4 Kxb4 103. Kc6 Kb3 104. Kc5 c3 105. Bxc3 1/2-1/2

[Event "Late-Titled-Tuesday-Blitz-February-20-2024"]
[Site "Chess.com"]
[Date "2024.02.20"]
[Round "3"]
[White "LeninGuerra"]
[Black "Vladimir_Zakhartsov"]
[Result "1-0"]
[WhiteElo "2579"]
[BlackElo "2806"]
[TimeControl "180+1"]
[EndTime "14:29:08 PST"]
[Termination "LeninGuerra won by resignation"]

1. e4 c6 2. Nf3 d5 3. exd5 cxd5 4. Ne5 Nc6 5. Bb5 Bd7 6. Bxc6 bxc6 7. O-O Nf6 8. b3 e6 9. Bb2 Bd6 10. c4 O-O 11. Re1 Be8 12. d4 a5 13. c5 Bc7 14.
Nc3 Qc8 15. Na4 Qb7 16. Rc1 Nd7 17. Nd3 Nf6 18. Ba3 Ne4 19. f3 Nf6 20. Nb6 Ra6 21.
Ne5 Bb8 22. Qd3 Ra7 23. Rb1 Nd7 24. Nexd7 Bxd7 25. Bc1 Qc7 26. g3 Qd8 27. Qe3 Bc8 28. a3 Re8 29. f4 Bc7 30. Na4 Ba6 31. Bd2 Rb7 32. Qc3 Qb8 33. Re3 h6 34. Nb6 Bxb6 35.
cxb6 Rxb6 36. Qxa5 Qb7 37. Qc3 Rb8 38. Qc2 Bb5 39.
Bb4 Qd7 40. f5 Re8 41. Rbe1 Rbb8 42. fxe6 Rxe6 43. Rxe6 fxe6 44. Qg6 Re8 45. Bd2 Qf7 46. Qxf7+ Kxf7 47. a4 Ba6 48. Rc1 Rc8 49. Rc5 Ke7 50.
Ra5 Ra8 51. Bb4+ Kd7 52. Kf2 Kc7 53. Bc5 Kb7 54. b4 Kc7 55. Ke3 Bb7 56. Rxa8 Bxa8 57.
Bf8 g6 58. Bxh6 Kd7 59. Bf8 Bb7 60. Kf4 Ba6 61. Ke5 Bd3 62. Kf6 Bc2 63. g4 Bd3 64. h4 Be2 65. Kxg6 Bxg4 66. Bg7 Kd6 67. Be5+ Ke7 68. a5 Kd7 69. h5 Bf5+ 70. Kg7 Kc8 71. h6 Kb7 72. h7 Bxh7 73. Kxh7 Ka6 74. Bd6 Kb5 75. Bc5 Kc4 76. Kg6 e5 77. dxe5 d4 78.
Bxd4 Kxd4 79. e6 c5 80. e7 cxb4 81. e8=Q b3 82. Qb5 Kc3 83. a6 b2 84. a7 b1=Q+ 85.
Qxb1 1-0

[Event "Late-Titled-Tuesday-Blitz-February-20-2024"]
[Site "Chess.com"]
[Date "2024.02.20"]
[Round "3"]
[White "Blackmind96"]
[Black "laskakid"]
[Result "0-1"]
[WhiteElo "2675"]
[BlackElo "2357"]
[TimeControl "180+1"]
[EndTime "14:29:08 PST"]
[Termination "laskakid won on time"]

1. Nf3 Nf6 2. c4 g6 3. g3 Bg7 4. Bg2 O-O 5. O-O c5 6. Nc3 Nc6 7. b3 d6 8. Bb2 e5 9. e3 h6 10. d3 Be6 11. Nd2 d5 12. cxd5 Nxd5 13. Rc1 b6 14. Nc4 Rc8 15. Nb5 Ndb4 16. Nbd6 Bxc4 17.
Nxc8 Bxd3 18. Bxc6 Bxf1 19. Qxd8 Rxd8 20. Ne7+ Kf8 21. Ba3 Nxa2 22. Nxg6+ fxg6 23. Rxf1 Nb4 24. Ra1 Nc2 25. Ra2 Nxa3 26. Rxa3 a5 27. Ra2 Rd1+ 28. Kg2 Ke7 29. e4 Kd6 30. Bd5 h5 31. Bf7 Rd3 32.
Rb2 Bh6 33. Bxg6 Bd2 34. Bxh5 Bc3 35. Rc2 Bd4 36. h4 Rxb3 37. Bf7 Rb1 38. h5 Ke7 39. Ba2 Rb2 40. Rxb2 Bxb2 41. h6 Kf6 42. g4 Kg6 43. g5 Bc1 44. Bg8 Bxg5 45. h7 Kg7 46. Kf3 a4 47. Ke2 b5 48. Kd3 c4+ 49. Kc3 Be7 50. Kb2 a3+ 51. Ka2 Bb4 52. f3 Bc5 53.
Kb1 c3 54. Kc2 b4 55. f4 exf4 56. e5 Be7 57. Kb3 f3 58. Bc4 f2 59. Bf1 Kxh7 60. e6 Kg6 61. Kc2 Kf6 62. Bc4 Ke5 63. Kb3 Kf4 64. Ka4 Kg3 65. Kb5 Kh2 66. Kc6 c2 67. Kd7 c1=Q 68. Bd5 Qc5 69. Ke8 Qd6 70. Kf7 Bg5 71. Be4 Qe7+ 72. Kg8 Qf6 73. Bh7 f1=Q 74.
e7 Qxe7 75. Bf5 Qc1 76. Bd7 Qc7 77. Be8 Qcd8 0-1

[Event "Late-Titled-Tuesday-Blitz-February-20-2024"]
[Site "Chess.com"]
[Date "2024.02.20"]
[Round "3"]
[White "Duhless"]
[Black "vovachesss"]
[Result "1-0"]
[WhiteElo "3085"]
[BlackElo "2797"]
[TimeControl "180+1"]
[EndTime "14:29:13 PST"]
[Termination "Duhless won on time"]

1. d4 d6 2. e4 Nf6 3. Nc3 e5 4. Nf3 Nbd7 5. Be2 Be7 6. O-O O-O 7. Re1 c6 8. a4 a5 9. Bf1 Qc7 10. b3 Re8 11. Bb2 Nf8 12. h3 Ng6 13. g3 Bf8 14. Kh2 Be6 15. Bg2 Rad8 16. Qe2 Bc8 17. Qf1 h5 18.
Rad1 h4 19. d5 Nh5 20. Qe2 hxg3+ 21. fxg3 Qe7 22. Bc1 Nf6 23. Bg5 Qc7 24. Bxf6 gxf6 25. Rf1 Kg7 26. Nd2 Be7 27. Nc4 Rh8 28. Ne3 Rh6 29.
Nf5+ Bxf5 30. exf5 Nf8 31. Qc4 Qb6 32. Rd3 Rc8 33.
Rfd1 Nd7 34. Qg4+ Kh7 35. Ne4 Rg8 36. Qe2 Nc5 37. Nxc5 Qxc5 38. Qd2 Qb6 39. Rc3 Qb4 40. dxc6 bxc6 41. Rxc6 Qb7 42. Rc3 Qb8 43. Qd5 Qf8 44.
Kg1 Qg7 45. Rdd3 Qg5 46. Qxf7+ Rg7 47. Qd5 Qc1+ 48. Rd1 Qg5 49. Qf3 Bd8 50. Rcd3 Bb6+ 51. Kh1 Bc5 52. c3 Kh8 53. h4 Rg8 54. Bh3 Qg7 55.
R1d2 Qh7 56. Rg2 Qc7 57. Qe4 Qb6 58. Qf3 Qxb3 59. Kh2 Qxa4 60. Rd5 Qc4 61. Qd3 Qa4 62. Rxd6 Bxd6 63. Qxd6 Qe8 64. g4 Rxh4 65. Qxf6+ Rg7 66.
Qxh4+ Rh7 67. Qf6+ Kg8 68. Qg6+ Qxg6 69. fxg6 Rc7 70.
Ra2 Rc5 71. Kg3 Kg7 72. Kh4 Kxg6 73. Bg2 e4 74. Bxe4+ Kf6 75. Bf5 Ke5 76. Re2+ Kf4 77. Rf2+ Ke3 78. Ra2 Kf4 79. Ra4+ Ke5 80. Kg5 Kd6 81.
Rd4+ Ke5 82. Re4+ Kd6 83. Ra4 Ke5 84. Kh5 1-0

[Event "Late-Titled-Tuesday-Blitz-February-20-2024"]
[Site "Chess.com"]
[Date "2024.02.20"]
[Round "3"]
[White "IngOscarArdila"]
[Black "toninhojit"]
[Result "1-0"]
[WhiteElo "2256"]
[BlackElo "2467"]
[TimeControl "180+1"]
[EndTime "14:29:36 PST"]
[Termination "IngOscarArdila won by checkmate"]

1. d4 Nf6 2. c4 c5 3. dxc5 e6 4. Nf3 Bxc5 5. e3 d5 6. Be2 O-O 7. O-O Nc6 8. Nc3 a6 9. Bd2 Qe7 10. Rc1 Rd8 11. cxd5 Nxd5 12. Nxd5 Rxd5 13. Qc2 Ba7 14.
e4 Rc5 15. Qb1 Rxc1 16. Rxc1 Bd7 17. Bc3 Rd8 18. Rd1 Be8 19. Rxd8 Qxd8 20. Qd1 Qb6 21.
Qf1 h6 22. g3 Qd8 23. Qd1 Qxd1+ 24. Bxd1 f6 25. Bb3 Bf7 26. e5 f5 27. Kf1 Kf8 28.
Ke2 Bh5 29. Bxe6 Bd4 30. Bxf5 Bxc3 31. bxc3 Nxe5 32. g4 Nxg4 33. Nd4 Ne5+ 34. Ke3 Ke7 35. Ke4 Nc4 36. Kd3 Ne5+ 37. Ke4 Nc4 38. Kd3 Nd6 39. Bh3 Bf7 40. a4 Bc4+ 41. Ke3 g6 42. Bg2 b6 43. Nc6+ Kf6 44. Kd4 Bb3 45. a5 Nf5+ 46. Kd3 bxa5 47. Nxa5 Be6 48. Bb7 Nd6 49. Bxa6 Kg5 50. c4 Kh4 51. c5 Ne8 52. Kd4 Kh3 53. Ke5 Bf5 54.
Bb5 Nc7 55. Bc4 Kxh2 56. Kd6 Ne8+ 57. Ke7 Nc7 58. Kd6 Ne8+ 59. Ke7 Ng7 60. c6 Kg2 61. f4 h5 62. Bd5+ Kg3 63. c7 Kxf4 64. Nb7 h4 65. Nd6 h3 66. Nxf5 Nxf5+ 67. Kd8 Nd6 68. Kd7 Nc4 69.
Kc6 Ne5+ 70. Kb7 Nf7 71. Bxf7 Ke5 72. c8=Q h2 73. Qc7+ Kf6 74. Bd5 h1=Q 75. Bxh1 Kg5 76. Bc6 Kh5 77. Qd7 g5 78. Bd5 Kh4 79. Qe6 g4 80.
Qe5 Kh3 81. Be4 g3 82. Qf4 Kh2 83. Bg2 Kxg2 84. Kc6 Kh2 85. Qh4+ Kg2 86. Kd5 Kf3 87. Qh5+ Kf2 88. Qh4 Kf3 89. Kd4 g2 90. Qh3+ Kf2 91. Qh4+ Kf1 92. Qf4+ Ke2 93. Qg3 Kf1 94. Qf3+ Kg1 95. Ke3 Kh2 96. Qf4+ Kh1 97. Qf3 Kh2 98. Qh5+ Kg1 99. Kf3 Kf1 100. Qb5+ Kg1 101. Qc5+ Kh2 102. Qf2 Kh3 103. Qxg2+ Kh4 104. Qg4# 1-0

[Event "Late-Titled-Tuesday-Blitz-February-20-2024"]
[Site "Chess.com"]
[Date "2024.02.20"]
[Round "3"]
[White "Firouzja2003"]
[Black "GnowReopard"]
[Result "1/2-1/2"]
[WhiteElo "3107"]
[BlackElo "2820"]
[TimeControl "180+1"]
[EndTime "14:30:45 PST"]
[Termination "Game drawn by 50-move rule"]

1. d4 Nf6 2. Bg5 Ne4 3. Bf4 c5 4. f3 Qa5+ 5. c3 Nf6 6. dxc5 Qxc5 7. e4 Nc6 8. Qd2 d5 9. e5 Nd7 10. Be3 Qa5 11. f4 e6 12. Nf3 Qc7 13. Bd3 Nc5 14. Bc2 b6 15. Na3 Ba6 16. Bxc5 Bxc5 17. b4 Be7 18.
Bd3 Bxd3 19. Qxd3 O-O 20. Nb5 Qb7 21. O-O a5 22. a3 g6 23. g3 Qa6 24. Rad1 axb4 25.
axb4 Rfc8 26. h4 Na7 27. Nfd4 Nxb5 28. Nxb5 Qa2 29. Qe3 Qc4 30. Qd3 Qxd3 31. Rxd3 Kg7 32. Kg2 h6 33. Kf3 Ra2 34. Rf2 Ra1 35. Rdd2 Rca8 36. h5 gxh5 37. f5 Bg5 38. Rd3 Re1 39.
fxe6 fxe6 40. Kg2 Rxe5 41. Rdf3 Rf5 42. Rxf5 exf5 43. Rxf5 Ra2+ 44. Kh3 Rd2 45. Nc7 Rd3 46. Nxd5 h4 47. c4 Rxg3+ 48. Kh2 Rb3 49. b5 Rb2+ 50.
Kh3 Rb3+ 51. Kh2 Rb2+ 52. Kh1 h3 53. Rf3 Rc2 54. Nxb6 Bd8 55. Rg3+ Kf7 56. Nd5 Rxc4 57. Rxh3 Rc5 58. Rf3+ Kg7 59. Nf4 Rc1+ 60. Kg2 Rc2+ 61. Kh3 Bb6 62. Ne6+ Kg6 63. Nf4+ Kg5 64. Ne6+ Kg6 65.
Kg4 Rc4+ 66. Nf4+ Kf6 67. Kh5 Ke5 68. Ng6+ Kd5 69. Rf5+ Kd4 70. Kxh6 Rc5 71. Rf4+ Kc3 72. Rf6 Rxb5 73. Re6 Kc4 74. Kg7 Bd4+ 75. Kh6 Rb6 76. Re1 Bc3 77. Re2 Kd3 78. Re8 Bd2+ 79. Kh5 Rb5+ 80. Kh4 Bg5+ 81. Kg4 Bd2 82. Ne5+ Kc2 83. Kf3 Rb3+ 84. Ke4 Re3+ 85. Kd4 Re1 86. Rc8+ Kd1 87. Nc4 Bc1 88. Kd3 Rh1 89. Rg8 Rh3+ 90. Kd4 Kc2 91. Rg2+ Kb3 92. Na5+ Kb4 93. Nc6+ Kb3 94. Kd5 Bb2 95.
Na5+ Kb4 96. Nc6+ Kb3 97. Kc5 Rh5+ 98. Kb6 Bc3 99. Rg4 Rf5 100. Na7 Rh5 101. Nb5 Bb2 102. Rg3+ Kc4 103. Nd6+ Kb4 104. Rg4+ Kb3 105. Ne4 Bd4+ 106. Kc6 Bb2 107. Nc5+ Kc2 108. Rg2+ Kb1 109. Na4 Bd4 110. Kd6 Kc1 111. Kc6 Be3 112. Nc3 Bd2 113. Ne4 Be3 114. Re2 Bd4 115. Ng3 Rh6+ 116. Kd5 Bc3 117. Kc4 Rc6+ 118. Kd3 Kb1 119. Rg2 Bb4 120. Ne4 Ba5 121. Rg5 Bb4 122. Rb5 Ka2 1/2-1/2

[Event "Late-Titled-Tuesday-Blitz-February-20-2024"]
[Site "Chess.com"]
[Date "2024.02.20"]
[Round "3"]
[White "ansko1999"]
[Black "Bilan_Danila"]
[Result "1/2-1/2"]
[WhiteElo "2670"]
[BlackElo "2468"]
[TimeControl "180+1"]
[EndTime "14:31:05 PST"]
[Termination "Game drawn by agreement"]

1. Nf3 d5 2. d4 Nf6 3. Bf4 c5 4. c3 Nc6 5. e3 Bg4 6. Nbd2 e6 7. Qb3 Qb6 8. Qxb6 axb6 9. Bb5 Nd7 10. Ne5 Ndxe5 11.
Bxe5 f6 12. Bc7 Kd7 13. Bxb6 c4 14. a4 Bd6 15. f3 Bh5 16. O-O Bc7 17. Bxc7 Kxc7 18.
Bxc6 bxc6 19. b3 cxb3 20. Nxb3 Rhb8 21. Nc5 e5 22. Rfb1 Bg6 23. e4 exd4 24. cxd4 dxe4 25.
fxe4 Bf7 26. Kf2 Bc4 27. Ke3 Kd6 28. Kd2 Bf7 29. Kc3 g6 30. Rf1 Ke7 31. Rab1 Be6 32. h3 f5 33. e5 Bd5 34. Rxb8 Rxb8 35. Rg1 f4 36. h4 h6 37. Rf1 g5 38. hxg5 hxg5 39. Rf2 Rb1 40. a5 Ra1 41. a6 Kd8 42. Kb4 Kc7 43. Re2 Rb1+ 44. Kc3 g4 45.
e6 f3 46. gxf3 gxf3 47. Rh2 Kb6 48. Rf2 Re1 49. Kd3 Bxe6 50. Nxe6 Rxe6 51. Rxf3 Kxa6 52.
Kc4 Kb6 53. Rb3+ Kc7 54. Kc5 Rh6 55. Ra3 Rh5+ 56. Kc4 Kd6 57. Ra8 Rb5 58. Rd8+ Kc7 59. Rh8 Rd5 60. Rh7+ Kb6 61. Rh6 Rb5 62. Rg6 Rd5 63.
Rf6 Rb5 64. Re6 Ra5 65. Rd6 Rb5 66. Re6 Rd5 67. Re8 Ra5 68. Re7 Rd5 69. Re6 Ra5 70. Re8 Rd5 71. Re5 Rb5 72. Re1 Kc7 73. Re2 Rd5 74.
Rb2 Kd6 75. Rb6 Ra5 76. Rb7 Ra4+ 77. Kc3 Ra5 78. Rb8 Rh5 79. Rd8+ Kc7 80. Rg8 Ra5 81. Kb4 Rb5+ 82. Kc4 Ra5 83. Rh8 Kb6 84. Rb8+ Kc7 85. Rb4 Rd5 86. Rb3 Ra5 87. Rb2 Ra4+ 88. Kc5 Ra5+ 89. Kc4 Ra4+ 90. Kd3 Kd6 91. Rc2 Ra3+ 92. Ke4 Ra4 93. Rh2 c5 94. Rh6+ Kd7 95. Kd5 Rxd4+ 96. Kxc5 Rd1 97. Rh7+ Ke6 98. Rh6+ Kf5 99. Ra6 Ke5 100.
Ra8 Kf6 101. Rb8 Ke7 102. Ra8 Ke6 103. Kc4 Kf5 104. Kc3 Rd7 105. Rf8+ Ke5 106. Rf1 Ke4 107. Re1+ Kf3 108. Rf1+ Ke2 109. Rf6 Ke3 110. Kc4 Ke4 111. Kc5 Rd1 112. Rf2 Ke3 113. Rf8 Ke4 114. Re8+ Kf5 115. Kc4 Rd7 116. Re2 Kf4 117. Kc3 Kf5 118. Rf2+ Ke4 119. Rh2 Kf5 120. Kc4 Ke5 121. Rh5+ Ke4 122. Rh4+ Ke5 123. Rh3 Rc7+ 124. Kd3 Ra7 125. Rh5+ Kf4 126. Rb5 Rd7+ 127. Kc4 Ke4 128. Rc5 Rd1 1/2-1/2

[Event "Late-Titled-Tuesday-Blitz-February-20-2024"]
[Site "Chess.com"]
[Date "2024.02.20"]
[Round "4"]
[White "Practical-Play"]
[Black "GothamChess"]
[Result "1-0"]
[WhiteElo "2546"]
[BlackElo "2692"]
[TimeControl "180+1"]
[EndTime "14:33:20 PST"]
[Termination "Practical-Play won by checkmate"]

1. e4 d5 2. exd5 Qxd5 3. Nc3 Qa5 4. Nf3 Nf6 5. d4 Bf5 6. Ne5 c6 7. Bc4 e6 8. Bd2 Qb6 9. Qe2 Bxc2 10. Nxf7 Kxf7 11.
Qxe6+ Kg6 12. Qf7+ Kf5 13. Be6# 1-0

[Event "Late-Titled-Tuesday-Blitz-February-20-2024"]
[Site "Chess.com"]
[Date "2024.02.20"]
[Round "4"]
[White "AndresDelgado77"]
[Black "icaughtacrab"]
[Result "1-0"]
[WhiteElo "2275"]
[BlackElo "2045"]
[TimeControl "180+1"]
[EndTime "14:33:50 PST"]
[Termination "AndresDelgado77 won by resignation"]

1. e4 d5 2. Nc3 d4 3. Nce2 e5 4. Nf3 Bd6 5. Ng3 c5 6. Bc4 Ne7 7. Ng5 Qa5 8. Nxf7 b5 9. Nxd6+ Kd7 10. Nxb5 Bb7 11. Qg4+ Kd8 12. Qxg7 1-0

[Event "Late-Titled-Tuesday-Blitz-February-20-2024"]
[Site "Chess.com"]
[Date "2024.02.20"]
[Round "4"]
[White "Marcin"]
[Black "tptagain"]
[Result "0-1"]
[WhiteElo "2512"]
[BlackElo "2936"]
[TimeControl "180+1"]
[EndTime "14:33:56 PST"]
[Termination "tptagain won by resignation"]

1. e4 Nc6 2. Nf3 g6 3. d4 Bg7 4.
d5 Ne5 5. c4 d6 6. Nc3 c6 7.
Nxe5 Bxe5 8. Bd3 Nf6 9. f4 Bd4 10. h3 e5 11. Qf3 Nh5 12. Ne2 Bc5 13. g4 Nxf4 14. Nxf4 Qh4+ 15. Kd1 exf4 16. Bxf4 Qf6 17.
Kc2 g5 0-1

[Event "Late-Titled-Tuesday-Blitz-February-20-2024"]
[Site "Chess.com"]
[Date "2024.02.20"]
[Round "4"]
[White "RichardShtivelband"]
[Black "Eloist"]
[Result "1-0"]
[WhiteElo "2351"]
[BlackElo "2461"]
[TimeControl "180+1"]
[EndTime "14:34:11 PST"]
[Termination "RichardShtivelband won by resignation"]

1. d4 e6 2. c4 Nf6 3. Nc3 Bb4 4. Qc2 c5 5. dxc5 O-O 6. Nf3 Na6 7. e3 Nxc5 8. Bd2 b6 9. a3 Bxc3 10. Bxc3 Bb7 11. b4 Be4 12. Qd1 Nb7 13. Bd3 d6 14. O-O Rc8 15. Bxf6 Bxf3 16. Qxf3 1-0